 Dungeon Crawl Stone Soup version 0.29-a0-283-ga02f740833 (webtiles) character file.

Game seed: 6151751285098492428

10661 zazu2006 the Thaumaturge (level 11, -8/107 HPs)
             Began as a Naga Hedge Wizard on Mar 13, 2022.
             Was a Priest of Vehumet.
             Mangled by a deep elf archer (15 damage)
             ... in a volcano.
             The game lasted 00:44:51 (17508 turns).

zazu2006 the Thaumaturge (Naga Hedge Wizard)       Turns: 17508, Time: 00:44:51

Health: -8/107     AC: 12    Str: 15    XL:     11   Next: 65%
Magic:  7/23       EV:  9    Int: 16    God:    Vehumet [***...]
Gold:   681        SH:  0    Dex: 11    Spells: 14/26 levels left

rFire   . . .      SeeInvis +   r - +2 long sword
rCold   . . .      Faith    .   (no shield)
rNeg    . . .      Spirit   .   A - +1 swamp dragon scales
rPois   +          Reflect  .   p - +0 helmet
rElec   .          Harm     .   a - +0 cloak
rCorr   .          Rampage  .   (no gloves)
Will    ++...                   (no barding)
Stlth   +.........              L - amulet of Vitality {Regen+ HP+15}
HPRegen 1.07/turn               t - ring of willpower
MPRegen 0.18/turn               (no ring)

@: on fire, on blink cooldown, glowing, very slow
A: AC +3, large, see invisible, deformed body, poison resistance, slowness 2,
spit poison 1, naga tail 1
a: Spit Poison, Renounce Religion


You were in a volcano.
You worshipped Vehumet.
Vehumet was most pleased with you.
You visited 3 branches of the dungeon, and saw 12 of its levels.
You also visited: Ossuary and Volcano.

You collected 681 gold pieces.

Inventory:

Hand Weapons
 r - a +2 long sword (weapon)
Missiles
 f - 6 poisoned darts
 y - 2 throwing nets
Armour
 a - a +0 cloak (worn)
 d - a +3 ring mail
 p - a +0 helmet (worn)
 v - a +0 buckler
 A - +1 swamp dragon scales (worn)
 C - a +0 troll leather armour
Jewellery
 e - an amulet of faith
 i - a ring of fire
 t - a ring of willpower (left hand)
 u - the ring "Facweun" {rPois rF+ Int+3 Stlth+}
   (You took it off a kobold demonologist on level 9 of the Dungeon)

   [ring of protection from fire]

   Int:       It affects your intelligence (+3).
   rF:        It protects you from fire.
   rPois:     It protects you from poison.
   Stlth:     It makes you more stealthy.
 F - a ring of resist corrosion
 G - an amulet of reflection
 L - the amulet of Vitality (around neck) {Regen+ HP+15}
   (You found it on level 10 of the Dungeon)

   [amulet of regeneration]

   HP:        It affects your health (+15).
   Regen:     It increases your rate of health regeneration.
Wands
 k - a wand of digging (2)
 q - a wand of polymorph (14)
 s - a wand of flame (17)
 z - a wand of acid (1)
 J - a wand of iceblast (3)
Scrolls
 c - 2 scrolls of enchant weapon {unknown}
 h - a scroll of magic mapping
 j - 2 scrolls of noise
 l - 2 scrolls of amnesia {unknown}
 n - 3 scrolls of immolation {unknown}
 o - a scroll of enchant armour {unknown}
 w - a scroll of summoning {unknown}
 x - a scroll of vulnerability {unknown}
 D - a scroll of fog {unknown}
Potions
 b - 4 potions of lignification
 g - 2 potions of brilliance
 H - a potion of flight
 K - a potion of attraction


   Skills:
 + Level 4.0 Fighting
 + Level 5.4 Long Blades
 + Level 5.2 Armour
 + Level 4.2 Dodging
 + Level 7.6 Stealth
 * Level 2.1 Shields
 + Level 8.3 Spellcasting
 + Level 6.9 Conjurations
 + Level 1.0 Summonings
 + Level 1.8 Translocations
 * Level 3.7 Fire Magic
 + Level 2.5 Air Magic
 + Level 0.4 Earth Magic
 + Level 7.8 Poison Magic
 + Level 1.9 Evocations


You had 14 spell levels left.
You knew the following spells:

 Your Spells              Type           Power      Damage    Failure   Level
a - Magic Dart            Conj           100%       1d8       1%          1
b - Mephitic Cloud        Conj/Pois/Air  25%        N/A       1%          3
c - Conjure Flame         Conj/Fire      23%        6-21      1%          3
d - Blink                 Tloc           24%        N/A       14%         2
e - Stone Arrow           Conj/Erth      36%        3d9       3%          3

Your spell library contained the following spells:

 Spells                   Type           Power      Damage    Failure   Level
 Shock                    Conj/Air       84%        1d8       1%          1
 Scorch                   Fire           36%        2d7       1%          2
 Static Discharge         Conj/Air       21%        N/A       1%          2
 Ignite Poison            Fire/Tmut/Pois 18%        N/A       3%          3
 Flame Wave               Conj/Fire      23%        2d7       6%          4
 Sticky Flame             Conj/Fire      23%        2d4       6%          4
 Airstrike                Air            7%         N/A       17%         4
 Slow                     Hex            24%        N/A       21%         1
 Call Imp                 Summ           9%         N/A       21%         2
 Lightning Bolt           Conj/Air       10%        1d23      21%         5
 Swiftness                Air            14%        N/A       22%         3
 Sublimation of Blood     Necr           6%         N/A       30%         2
 Irradiate                Conj/Tmut      8%         3d16      32%         5
 Freezing Cloud           Conj/Ice/Air   8%         6-21      36%         5
 Tukima's Dance           Hex            6%         N/A       52%         3
 Passage of Golubria      Tloc           12%        N/A       67%         4
 Yara's Violent Unravell  Hex/Tmut       3%         3d4       78%         5
 Petrify                  Tmut/Erth      7%         N/A       88%         4
 Silence                  Hex/Air        5%         N/A       97%         5
 Summon Cactus Giant      Summ           4%         N/A       100%        6
 Lehudib's Crystal Spear  Conj/Erth      9%         10d4      100%        8
 Maxwell's Capacitive Co  Air            7%         ∞         100%        8


Dungeon Overview and Level Annotations

Branches:
Dungeon (10/15)            Temple (1/1) D:4            Lair (1/6) D:9
Ossuary (visited)         Volcano (1/1)
    Orc: D:9-12

Altars:
Ashenzari
Cheibriados
Dithmenos
Elyvilon
Hepliaklqana
Kikubaaqudgha
Ru
Trog
Vehumet
Wu Jian
Xom

Shops:
D:8 [=[*   D:9 (

Annotations:
D:10 2 transporters, bjtr's ghost, novice DsFE


Innate Abilities, Weirdness & Mutations

Your serpentine skin is tough. (AC +3)
You have supernaturally acute eyesight. (SInv)
Armour fits poorly on your strangely shaped body.
Your system is resistant to poisons. (rPois)
You cover ground very slowly.
You can spit poison.
You have a snake-like lower body.


Message History

As you read the scroll of teleportation, it crumbles to dust.
You feel strangely unstable. The fire elemental hits you.
The fire elemental burns you! The fire elemental closely misses you.
The deep elf pyromancer casts a spell.
The fire elemental hits you. The fire elemental burns you!
The fire elemental hits you. The fire elemental burns you!
Unknown command.
The fire elemental barely misses you.
There is a rocky tunnel leading out of this place here.
The fire elemental closely misses you. The fire elemental hits you.
The fire elemental burns you!
* * * LOW HITPOINT WARNING * * *
The fire elemental hits you. The fire elemental burns you!
* * * LOW HITPOINT WARNING * * *
The fire elemental hits you. The fire elemental burns you!
* * * LOW HITPOINT WARNING * * *
There is a rock-blocked tunnel here.
Casting: Stone Arrow (mildly dangerous; 3% risk of failure)
Confirm with . or Enter, or press ? or * to list all spells.
You blink.
A deep elf pyromancer comes into view. It is wielding a +1 dagger of freezing.
The hell hound barks!
You hear a shout! x4
The deep elf pyromancer gestures at you while chanting.
The sticky flame hits you but does no damage.
You are covered in liquid flames!
Casting: Blink (safe; 14% risk of failure)
Confirm with . or Enter, or press ? or * to list all spells.
Aiming: Stone Arrow (mildly dangerous; 3% risk of failure)
Press: ? - help, Shift-Dir - straight line, f/p - deep elf pyromancer
Aim: a deep elf pyromancer, wielding a +0 long sword (severely wounded, 56% to hit)
The stone arrow misses the deep elf pyromancer.
You are covered in liquid flames!
* * * LOW HITPOINT WARNING * * *
Your surroundings suddenly seem different.
A deep elf archer and a hell hound come into view.
The deep elf archer is wielding a +2 shortbow of flaming.
The hell hound barks!
The deep elf archer shouts!
The deep elf archer unwields a +2 shortbow of flaming.
It stops flaming.
The deep elf archer hits you!
You die...

#########
+e.......
+@.h..... ##
########' e§§
##.E # #.. '
#≈≈##'### .#
#≈≈#...# .
#≈≈##..##'####+
##≈≈#...#eh...e


You could see a deep elf archer (repels missiles) and a hell hound.

Vanquished Creatures
  2 two-headed ogres
  A deep troll (D:10)
  A black mamba (Lair:1)
  A gargoyle (D:10)
  Maggie (D:6)
  4 kobold demonologists (D:9)
  An unseen horror (D:10)
  A tengu conjurer (D:9)
  A hornet (D:9)
  2 wyverns
  A shadow (D:10)
  2 fire elementals (Volcano)
  A steam dragon (D:4)
  A vampire mosquito (D:8)
  A hell hound (Volcano)
  4 water moccasins
  6 ice beasts
  5 orc warriors
  4 sky beasts
  2 ogres
  A black bear (D:7)
  4 centaurs
  4 kobold brigands
  A phantom (D:7)
  3 bullfrogs
  An elf zombie (Ossuary)
  3 gnoll sergeants
  2 necrophages
  A scorpion (D:6)
  12 wights
  4 killer bees (D:8)
  5 howler monkeys
  2 human zombies (Ossuary)
  A gnoll shaman (D:8)
  An orc priest (D:8)
  Crazy Yiuf (D:6)
  A hound (D:6)
  2 jellies
  Jessica (D:3)
  3 iguanas
  Ijyb (D:3)
  7 orc wizards
  2 mummies (Ossuary)
  Robin (D:3)
  6 adders
  10 gnolls
  A shadow imp (D:5)
  3 dart slugs
  25 orcs
  6 endoplasms
  7 giant cockroaches
  10 goblins
  12 hobgoblins
  2 jackals (D:1)
  2 quokkas (D:4)
  3 ball pythons
  6 bats
  6 frilled lizards
  9 hobgoblin zombies (Ossuary)
  4 jackal zombies (Ossuary)
  19 kobolds
  9 kobold zombies (Ossuary)
  8 orc zombies (Ossuary)
  4 rats
  4 rat zombies (Ossuary)
262 creatures vanquished.

Vanquished Creatures (others)
  8 fungi
  4 toadstools (D:7)
12 creatures vanquished.

Grand Total: 274 creatures vanquished

Notes
Turn   | Place    | Note
-------+----------+-------------------------------------------
     0 | D:1      | zazu2006 the Naga Hedge Wizard began the quest for the Orb.
     0 | D:1      | Reached XP level 1. HP: 15/15 MP: 4/4
   147 | D:1      | Reached XP level 2. HP: 18/22 MP: 0/6
   720 | D:1      | Found a faded altar of an unknown god.
   743 | D:1      | Reached XP level 3. HP: 28/28 MP: 5/8
   794 | D:1      | Learned a level 3 spell: Mephitic Cloud
   798 | D:1      | Learned a level 3 spell: Conjure Flame
   801 | D:1      | Learned a level 2 spell: Blink
  2390 | D:3      | Noticed Robin
  2413 | D:3      | Killed Robin
  2414 | D:3      | Reached skill level 1 in Poison Magic
  2414 | D:3      | Reached XP level 4. HP: 19/36 MP: 4/9
  2708 | D:3      | Noticed Jessica
  2710 | D:3      | Killed Jessica
  2711 | D:3      | Reached skill level 1 in Armour
  2780 | D:3      | Noticed Ijyb
  2795 | D:3      | Killed Ijyb
  2796 | D:3      | Reached skill level 4 in Spellcasting
  2796 | D:3      | Reached XP level 5. HP: 43/43 MP: 4/11
  3415 | D:4      | Found a staircase to the Ecumenical Temple.
  3421 | Temple   | Entered the Ecumenical Temple
  3428 | Temple   | Became a worshipper of Vehumet
  3714 | D:4      | Noticed a steam dragon
  3730 | D:4      | Killed a steam dragon
  3731 | D:4      | Reached XP level 6. HP: 14/50 MP: 4/12
  4122 | D:4      | Reached skill level 1 in Fighting
  4303 | D:5      | Entered Level 5 of the Dungeon
  4316 | D:5      | Noticed a sky beast
  4330 | D:5      | Killed a sky beast
  4331 | D:5      | Reached XP level 7. HP: 44/57 MP: 2/14
  4457 | D:5      | Identified the +0 pair of boots "Xanoagyb" {Fly rPois Will+
                  | Str-2}
  4575 | D:5      | Reached skill level 5 in Spellcasting
  4622 | D:5      | Noticed a wyvern
  4637 | D:5      | Reached skill level 1 in Evocations
  4731 | D:5      | Killed a wyvern
  4732 | D:5      | Reached skill level 1 in Air Magic
  4807 | D:5      | Reached XP level 8. HP: 39/64 MP: 13/16
  5206 | D:6      | Reached skill level 5 in Stealth
  5206 | D:6      | Reached skill level 5 in Poison Magic
  5919 | D:6      | Reached skill level 6 in Spellcasting
  6125 | D:6      | Noticed Maggie
  6133 | D:6      | Killed Maggie
  6134 | D:6      | Reached XP level 9. HP: 40/73 MP: 18/18
  7357 | D:6      | Reached skill level 1 in Long Blades
  7567 | D:6      | Found a runed translucent door.
  7568 | D:6      | Noticed Crazy Yiuf
  7719 | D:6      | Killed Crazy Yiuf
  7836 | D:7      | Reached skill level 5 in Conjurations
  8329 | D:7      | Reached * piety under Vehumet
  8329 | D:7      | Offered knowledge of Shock by Vehumet.
  8330 | D:7      | Reached skill level 7 in Spellcasting
  8996 | D:7      | Reached XP level 10. HP: 33/81 MP: 8/21
  9575 | D:8      | Noticed a two-headed ogre
  9953 | D:8      | Found a sand-covered staircase.
  9961 | Ossuary  | Entered an ossuary
 10618 | Ossuary  | Reached ** piety under Vehumet
 10621 | Ossuary  | Offered knowledge of Searing Ray by Vehumet.
 11143 | D:8      | Killed a two-headed ogre
 11227 | D:8      | Found Duxi Eph's Jewellery Boutique.
 11549 | D:9      | Noticed a kobold demonologist
 11561 | D:9      | Noticed a kobold demonologist
 11561 | D:9      | Noticed a kobold demonologist
 11561 | D:9      | Noticed a kobold demonologist
 11568 | D:9      | Noticed an orange demon
 11575 | D:9      | Noticed a soul eater
 11944 | D:9      | Found a staircase to the Lair.
 11965 | D:8      | Found Ulybesh's Antique Armour Shop.
 12189 | D:8      | Found an ornate altar of the Wu Jian Council.
 13122 | D:8      | Found Asmoi's Assorted Antiques.
 13152 | D:8      | Found Qeace Sei's Antique Armour Shop.
 13225 | D:8      | Reached skill level 1 in Fire Magic
 13457 | D:9      | Noticed a two-headed ogre
 13468 | D:9      | Killed a two-headed ogre
 13469 | D:9      | Reached skill level 8 in Spellcasting
 13487 | D:9      | Reached XP level 11. HP: 71/91 MP: 11/23
 14037 | D:9      | Found Socuak's Weapon Shoppe.
 14311 | D:9      | Identified the ring "Facweun" {rPois rF+ Int+3 Stlth+}
 14319 | D:9      | Noticed a sun demon
 14618 | D:9      | Noticed a sun demon
 14709 | D:9      | Offered knowledge of Stone Arrow by Vehumet.
 14718 | D:9      | Reached skill level 1 in Shields
 14739 | D:9      | Reached skill level 5 in Armour
 14745 | D:9      | Noticed a soul eater
 15254 | D:10     | Entered Level 10 of the Dungeon
 15356 | D:10     | Noticed a two-headed ogre
 15383 | D:10     | Found a transporter.
 15395 | D:10     | Noticed bjtr's ghost (novice DsFE)
 15396 | D:10     | Noticed a centaur warrior
 15417 | D:10     | Found a transporter.
 15488 | D:10     | Noticed a centaur warrior
 15603 | D:10     | HP: 4/136 [gargoyle/+0 flail (3)]
 15613 | D:10     | HP: 2/136 [gargoyle/+0 flail (18)]
 15971 | D:10     | Reached skill level 5 in Long Blades
 16007 | D:10     | Reached *** piety under Vehumet
 16451 | D:10     | Noticed a deep troll
 16469 | D:10     | HP: 4/91 [deep troll (3)]
 16470 | D:10     | Killed a deep troll
 16825 | D:10     | Found the amulet of Vitality {Regen+ HP+15}
 16848 | D:10     | Learned a level 3 spell: Stone Arrow
 16921 | Lair:1   | Entered Level 1 of the Lair of Beasts
 16942 | Lair:1   | Noticed an eight-headed hydra
 17028 | Lair:1   | HP: 3/107 [black mamba (10)]
 17048 | Lair:1   | Found a dark tunnel.
 17054 | Volcano  | Entered a volcano
 17367 | Volcano  | Noticed a deep elf pyromancer
 17368 | Volcano  | Noticed a deep elf pyromancer
 17373 | Volcano  | Noticed a deep elf pyromancer
 17498 | Volcano  | Noticed a deep elf pyromancer
 17507 | Volcano  | Noticed a deep elf pyromancer
 17508 | Volcano  | Noticed a deep elf archer
 17508 | Volcano  | Mangled by a deep elf archer

Illustrated notes

Levels and vault maps discovered:
D:1:      lightli_arrival_isolated_outpost, layout_rooms,
          hellmonk_ecumenical_altar_heavens_door, minmay_surrounded
D:2:      layout_loops_corners
D:3:      layout_loops_ring, kennysheep_generic_room_11, uniq_jessica,
          uniq_ijyb, uniq_robin
D:4:      kennysheep_six_static_rooms, layout_rooms, minmay_temple_entry_fiery
D:5:      layout_basic
D:6:      minmay_razor_zed, layout_loops_corners,
          chequers_serial_rivers_small_a, uniq_crazy_yiuf_cottage, uniq_maggie
D:7:      layout_loops_ring, minmay_gold_behind_fungi
D:8:      layout_basic, nzn_wu_jian_council_hall, serial_shops,
          nicolae_stop_n_shop_1, kennysheep_mini, nicolae_shop_advertising_works
          [nicolae_subvault_shop_adworks], nicolae_diamond_shop,
          nicolae_ossuary_entry_ruins, minivault_22, st_stairs_11
D:9:      minmay_curly_fans, layout_long_grid, lair_entry_dummy, serial_shops,
          shop_fountains
D:10:     layout_loops_ring, nzn_ghost_randoct,
          hellmonk_guarded_unrand_vitality_bloodlust
Temple:   compressed_dpeg_triangle_lava_temple
Lair:1:   layout_loops_ring, nicolae_volcano_entry_s_turn, grunt_megastairs_4
Volcano:  hellmonk_pyromancer_palace

Skill      XL: |  1  2  3  4  5  6  7  8  9 10 11 |
---------------+----------------------------------+-----
Poison Magic   | 1 2 3 4 5 7 |  7.8
Armour         | 1 2 3 4 5 |  5.2
Conjurations   | 2 3 4 5 6 |  6.9
Spellcasting   | 4 5 6 7 8 |  8.3
Stealth        | 4 5 6 7 |  7.6
Fighting       | 1 2 3 4 |  4.0
Evocations     | 1 |  1.9
Air Magic      | 1 2 |  2.5
Dodging        | 2 3 4 |  4.2
Long Blades    | 2 4 5 |  5.4
Fire Magic     | 2 3 |  3.7
Shields        | 2 |  2.1
Summonings     | |  1.0
Translocations | |  1.8
Earth Magic    | |  0.4

Action                   |  1- 3 |  4- 6 |  7- 9 | 10-12 || total
-------------------------+-------+-------+-------+-------++-------
Melee: Dagger            |    24 |    27 |    54 |       ||   105
       Punch             |       |     1 |     2 |     5 ||     8
       Falchion          |       |       |   108 |   174 ||   282
       Long sword        |       |       |       |   187 ||   187
 Cast: Magic Dart        |    87 |    77 |   229 |   278 ||   671
       Mephitic Cloud    |       |     4 |    21 |    40 ||    65
       Blink             |       |     1 |       |    17 ||    18
       Conjure Flame     |       |       |     3 |    13 ||    16
       Stone Arrow       |       |       |       |    28 ||    28
 Abil: Spit Poison       |     8 |    12 |    32 |    24 ||    76
Evoke: Wand              |       |     1 |    15 |    12 ||    28
  Use: Potion            |       |       |       |    27 ||    27
       Scroll            |       |       |       |    16 ||    16
 Stab: Confused          |       |     4 |    12 |    20 ||    36
       Sleeping          |       |     1 |     1 |     2 ||     4
Armor: Leather armour    |    14 |    11 |    46 |       ||    71
       Swamp dragon scal |       |       |    75 |   297 ||   372
       Skin              |       |       |       |    48 ||    48
Dodge: Dodged            |    27 |     6 |   120 |   286 ||   439
Block: Other             |       |       |       |    61 ||    61
       Reflection        |       |       |       |     6 ||     6

Table legend: (Time is in decaauts)
 A = Elapsed time spent in this place.
 B = Non-inter-level travel time spent in this place.
 C = Inter-level travel time spent in this place.
 D = Time resting spent in this place.
 E = Time spent auto-exploring this place.
 F = Levels seen in this place.
 G = Mean time per level.
                   A        B        C        D        E       F      G
               +--------+--------+--------+--------+--------+-----+--------+
         Total |  20474 |  19906 |    568 |   3059 |  13053 |  14 | 1462.4 |
       Dungeon |  18566 |  18009 |    557 |   2585 |  12489 |  10 | 1856.6 |
        Temple |     19 |      9 |     10 |      0 |      0 |   1 |   19.0 |
          Lair |    170 |    170 |      0 |      0 |      0 |   1 |  170.0 |
       Ossuary |   1253 |   1253 |      0 |     85 |    564 |   1 | 1253.0 |
       Volcano |    464 |    464 |      0 |    389 |      0 |   1 |  464.0 |
               +--------+--------+--------+--------+--------+-----+--------+

Top non-repeatable levels by time:
     D:6: 3052 daAuts
     D:9: 2746 daAuts
     D:8: 2355 daAuts
     D:7: 2295 daAuts
    D:10: 1938 daAuts
     D:3: 1493 daAuts
     D:1: 1294 daAuts
     D:4: 1269 daAuts
 Ossuary: 1253 daAuts
     D:2: 1101 daAuts
     D:5: 1020 daAuts
 Volcano: 464 daAuts
  Lair:1: 170 daAuts
  Temple: 19 daAuts
